| TOP OF THE 1ST |
|
Columbia Fireflies batting - Pitching for Reading Fightin Phils : RHP Dale Turner
|
|
Pitching: RHP Dale Turner
|
|
|
Batting: SHB Masatoshi Akahoshi
|
0-0: Ball 1-0: Ball 2-0: Called Strike 2-1: Foul Ball, location: 2F 2-2: Ball 3-2: Base on Balls
|
|
Batting: RHB Larry Shoop
|
0-0: Grounds into double play, 6-4-3 (Groundball, 6, EV 78.8 MPH)
|
|
Batting: SHB Justin Wallace
|
0-0: Called Strike 0-1: Called Strike 0-2: Ball 1-2: Strikes out looking
|
| Top of the 1st over - 0 runs, 0 hits, 0 errors, 0 left on base; Columbia 0 - Reading 0 |
| BOTTOM OF THE 1ST |
|
Reading Fightin Phils batting - Pitching for Columbia Fireflies : RHP Matt Bennett
|
|
Pitching: RHP Matt Bennett
|
|
|
Batting: RHB Tony Perez
|
0-0: Called Strike 0-1: Foul Ball, location: 2F 0-2: Ball 1-2: Foul Ball, location: 2F 1-2: Strikes out swinging
|
|
Batting: RHB Chris Myers
|
0-0: Called Strike 0-1: Ball 1-1: Foul Ball, location: 2F 1-2: Strikes out swinging
|
|
Batting: RHB Guan-pei Gao
|
0-0: Called Strike 0-1: Called Strike 0-2: Ball 1-2: Ball 2-2: Strikes out swinging
|
| Bottom of the 1st over - 0 runs, 0 hits, 0 errors, 0 left on base; Columbia 0 - Reading 0 |
| TOP OF THE 2ND |
|
Columbia Fireflies batting - Pitching for Reading Fightin Phils : RHP Dale Turner
|
|
Batting: LHB Tony Leyba
|
0-0: Ball 1-0: Swinging Strike 1-1: Swinging Strike 1-2: Strikes out swinging
|
|
Batting: RHB Masaya Nakamura
|
0-0: Called Strike 0-1: Ball 1-1: Fly out, F9 (Flyball, 89S, EV 80.6 MPH)
|
|
Batting: RHB Jose Lara
|
0-0: Ball 1-0: Swinging Strike 1-1: Foul Ball, location: 2F 1-2: Foul Ball, location: 2F 1-2: Ground out 3-1 (Groundball, 13, EV 93.8 MPH)
|
| Top of the 2nd over - 0 runs, 0 hits, 0 errors, 0 left on base; Columbia 0 - Reading 0 |
| BOTTOM OF THE 2ND |
|
Reading Fightin Phils batting - Pitching for Columbia Fireflies : RHP Matt Bennett
|
|
Batting: RHB Alan Weller
|
0-0: Swinging Strike 0-1: Foul Ball, location: 2F 0-2: Strikes out swinging
|
|
Batting: LHB Danny Zuniga
|
0-0: Ball 1-0: Ball 2-0: Ball 3-0: Ground out 6-3 (Groundball, 6M, EV 110.6 MPH)
|
|
Batting: LHB Alex Fernandez
|
0-0: Ball 1-0: Swinging Strike 1-1: Swinging Strike 1-2: Foul Ball, location: 2F 1-2: Strikes out swinging
|
| Bottom of the 2nd over - 0 runs, 0 hits, 0 errors, 0 left on base; Columbia 0 - Reading 0 |
| TOP OF THE 3RD |
|
Columbia Fireflies batting - Pitching for Reading Fightin Phils : RHP Dale Turner
|
|
Batting: RHB Dan Muse
|
0-0: Ball 1-0: SINGLE (Groundball, 34S, EV 99.4 MPH)
|
|
Batting: RHB Fathi Addae
|
0-0: Ball Dan Muse is caught stealing 2nd base 2-4 1-0: Ground out 4-3 (Groundball, 4D, EV 105.0 MPH)
|
|
Batting: RHB David Reyna
|
0-0: Foul Ball, location: 2F 0-1: Called Strike 0-2: Ball 1-2: Foul Ball, location: 2F 1-2: Strikes out looking
|
| Top of the 3rd over - 0 runs, 1 hit, 0 errors, 0 left on base; Columbia 0 - Reading 0 |
| BOTTOM OF THE 3RD |
|
Reading Fightin Phils batting - Pitching for Columbia Fireflies : RHP Matt Bennett
|
|
Batting: RHB Jose Corral
|
0-0: Called Strike 0-1: Foul Ball, location: 2F 0-2: Strikes out swinging
|
|
Batting: RHB Pablo Lopez
|
0-0: Ball 1-0: Called Strike 1-1: Called Strike 1-2: Fly out, F4 (Popup, 4M, EV 65.6 MPH)
|
|
Batting: LHB Doug Frampton
|
0-0: Ball 1-0: Called Strike 1-1: Ground out U3 (Groundball, 3, EV 106.9 MPH)
|
| Bottom of the 3rd over - 0 runs, 0 hits, 0 errors, 0 left on base; Columbia 0 - Reading 0 |
| TOP OF THE 4TH |
|
Columbia Fireflies batting - Pitching for Reading Fightin Phils : RHP Dale Turner
|
|
Batting: SHB Masatoshi Akahoshi
|
0-0: Ball 1-0: Ball 2-0: Called Strike 2-1: Ground out 3-1 (Groundball, 34, EV 105.6 MPH)
|
|
Batting: RHB Larry Shoop
|
0-0: Ball 1-0: Ball 2-0: Ground out 5-3 (Groundball, 5, EV 85.0 MPH)
|
|
Batting: SHB Justin Wallace
|
0-0: Ball 1-0: Called Strike 1-1: Ball 2-1: Fly out, F8 (Flyball, 8LM, EV 87.5 MPH)
|
| Top of the 4th over - 0 runs, 0 hits, 0 errors, 0 left on base; Columbia 0 - Reading 0 |
| BOTTOM OF THE 4TH |
|
Reading Fightin Phils batting - Pitching for Columbia Fireflies : RHP Matt Bennett
|
|
Batting: RHB Tony Perez
|
0-0: Ball 1-0: Ground out 1-3 (Groundball, 23, EV 61.9 MPH)
|
|
Batting: RHB Chris Myers
|
0-0: SINGLE (Groundball, 4MD, EV 96.9 MPH)
|
|
Batting: RHB Guan-pei Gao
|
0-0: Called Strike Chris Myers is caught stealing 2nd base 2-4 0-1: Ball 1-1: SINGLE (Groundball, 56D, EV 97.5 MPH)
|
|
Batting: RHB Alan Weller
|
0-0: Ground out 4-3 (Groundball, 4, EV 80.6 MPH)
|
| Bottom of the 4th over - 0 runs, 2 hits, 0 errors, 1 left on base; Columbia 0 - Reading 0 |
| TOP OF THE 5TH |
|
Columbia Fireflies batting - Pitching for Reading Fightin Phils : RHP Dale Turner
|
|
Batting: LHB Tony Leyba
|
0-0: Ball 1-0: Ball 2-0: Reached on error, E4 (Groundball, 34D, EV 93.8 MPH)
|
|
Batting: RHB Masaya Nakamura
|
0-0: Called Strike 0-1: Ball 1-1: Fly out, F3 (Popup, 23, EV 91.2 MPH)
|
|
Batting: RHB Jose Lara
|
0-0: Foul Ball, location: 2F 0-1: Foul Ball, location: 2F 0-2: Ball 1-2: Strikes out swinging
|
|
Batting: RHB Dan Muse
|
0-0: Called Strike 0-1: Foul Ball, location: 2F 0-2: Strikes out swinging
|
| Top of the 5th over - 0 runs, 0 hits, 1 error, 1 left on base; Columbia 0 - Reading 0 |
| BOTTOM OF THE 5TH |
|
Reading Fightin Phils batting - Pitching for Columbia Fireflies : RHP Matt Bennett
|
|
Batting: LHB Danny Zuniga
|
0-0: Ball 1-0: Ball 2-0: Ball 3-0: Called Strike 3-1: Swinging Strike 3-2: SINGLE (Groundball, 6D, EV 101.2 MPH)
|
|
Batting: LHB Alex Fernandez
|
0-0: Ball 1-0: Ball 2-0: Called Strike 2-1: Foul Ball, location: 2F 2-2: Fly out, F9 (Flyball, 89M, EV 85.6 MPH)
|
|
Batting: RHB Jose Corral
|
0-0: Called Strike 0-1: Foul Ball, location: 2F 0-2: Ball 1-2: Ball 2-2: Grounds into double play, 3-6-3 (Groundball, 34D, EV 110.0 MPH)
|
| Bottom of the 5th over - 0 runs, 1 hit, 0 errors, 0 left on base; Columbia 0 - Reading 0 |
| TOP OF THE 6TH |
|
Columbia Fireflies batting - Pitching for Reading Fightin Phils : RHP Dale Turner
|
|
Batting: RHB Fathi Addae
|
0-0: Called Strike 0-1: Called Strike 0-2: Foul Ball, location: 2F 0-2: Ball 1-2: Strikes out swinging
|
|
Batting: RHB David Reyna
|
0-0: Ball 1-0: Ball 2-0: SINGLE (Groundball, 56S, EV 71.2 MPH) (infield hit)
|
|
Batting: SHB Masatoshi Akahoshi
|
0-0: Foul Ball, location: 2F 0-1: Reached on error, E5 (Groundball, 56, EV 84.4 MPH) David Reyna to second
|
|
Batting: RHB Larry Shoop
|
0-0: SINGLE (Groundball, 6MD, EV 96.9 MPH) David Reyna to third Masatoshi Akahoshi to second
|
|
Batting: SHB Justin Wallace
|
0-0: Grounds into fielders choice 5-2 (Groundball, 56S, EV 71.9 MPH) Masatoshi Akahoshi to third Larry Shoop to second
|
|
Batting: LHB Tony Leyba
|
0-0: Called Strike 0-1: Ball 1-1: Ball 2-1: Foul Ball, location: 2F 2-2: Foul Ball, location: 2F 2-2: Ball 3-2: Base on Balls Masatoshi Akahoshi scores Larry Shoop to third Justin Wallace to second
|
|
Batting: RHB Masaya Nakamura
|
0-0: Ball 1-0: Called Strike 1-1: Foul Ball, location: 2F 1-2: Fly out, F8 (Flyball, 8LD, EV 88.8 MPH)
|
| Top of the 6th over - 1 run, 2 hits, 1 error, 3 left on base; Columbia 1 - Reading 0 |
| BOTTOM OF THE 6TH |
|
Reading Fightin Phils batting - Pitching for Columbia Fireflies : RHP Matt Bennett
|
|
Batting: RHB Pablo Lopez
|
0-0: Ball 1-0: Ball 2-0: Ball 3-0: Called Strike 3-1: Foul Ball, location: 2F 3-2: Base on Balls
|
|
Batting: LHB Doug Frampton
|
0-0: Ball 1-0: Called Strike 1-1: SINGLE (Flyball, 5D, EV 87.5 MPH) Pablo Lopez to second
|
|
Batting: RHB Tony Perez
|
0-0: Ball 1-0: Fielders Choice at 2nd, 4-6 (Groundball, 4M, EV 85.6 MPH) Pablo Lopez to third
|
|
Batting: RHB Chris Myers
|
0-0: Ball 1-0: Called Strike 1-1: Grounds into double play, 6-4-3 (Groundball, 6, EV 81.2 MPH)
|
| Bottom of the 6th over - 0 runs, 1 hit, 0 errors, 1 left on base; Columbia 1 - Reading 0 |
| TOP OF THE 7TH |
|
Columbia Fireflies batting - Pitching for Reading Fightin Phils : RHP Dale Turner
|
|
Batting: RHB Jose Lara
|
0-0: Swinging Strike 0-1: Called Strike 0-2: Ball 1-2: Ball 2-2: SINGLE (Groundball, 56D, EV 95.0 MPH)
|
|
Pitching: RHP T.J. Gray
|
|
|
Batting: RHB Dan Muse
|
0-0: Sac Bunt to P - play at first, batter OUT! 1-3 Jose Lara to second
|
|
Batting: RHB Fathi Addae
|
0-0: Ground out 4-3 (Groundball, 4, EV 82.5 MPH) Jose Lara to third
|
|
Batting: RHB David Reyna
|
0-0: Called Strike 0-1: Ball 1-1: Swinging Strike 1-2: Foul Ball, location: 2F 1-2: Ball 2-2: Strikes out swinging
|
| Top of the 7th over - 0 runs, 1 hit, 0 errors, 1 left on base; Columbia 1 - Reading 0 |
| BOTTOM OF THE 7TH |
|
Reading Fightin Phils batting - Pitching for Columbia Fireflies : RHP Matt Bennett
|
|
Batting: RHB Guan-pei Gao
|
0-0: Ball 1-0: Foul Ball, location: 2F 1-1: Swinging Strike 1-2: Ball 2-2: Strikes out swinging
|
|
Batting: RHB Alan Weller
|
0-0: Swinging Strike 0-1: Ball 1-1: Ball 2-1: Called Strike 2-2: Foul Ball, location: 2F 2-2: Ground out 6-3 (Groundball, 6, EV 99.4 MPH)
|
|
Batting: LHB Danny Zuniga
|
0-0: Ball 1-0: Called Strike 1-1: Ball 2-1: Swinging Strike 2-2: Strikes out swinging
|
| Bottom of the 7th over - 0 runs, 0 hits, 0 errors, 0 left on base; Columbia 1 - Reading 0 |
| TOP OF THE 8TH |
|
Columbia Fireflies batting - Pitching for Reading Fightin Phils : RHP T.J. Gray
|
|
Batting: SHB Masatoshi Akahoshi
|
0-0: Called Strike 0-1: Fly out, F8 (Flyball, 8LXD, EV 106.2 MPH)
|
|
Batting: RHB Larry Shoop
|
0-0: Called Strike 0-1: Called Strike 0-2: Strikes out swinging
|
|
Batting: SHB Justin Wallace
|
0-0: Called Strike 0-1: Ball 1-1: Ball 2-1: Ball 3-1: Base on Balls
|
|
Batting: LHB Tony Leyba
|
0-0: Foul Ball, location: 2F 0-1: Called Strike 0-2: Ball 1-2: Foul Ball, location: 2F 1-2: Foul Ball, location: 2F 1-2: Foul Ball, location: 2F 1-2: Foul Ball, location: 2F 1-2: Ball 2-2: Ball 3-2: SINGLE (Groundball, 56D, EV 97.5 MPH) Justin Wallace to second Justin Wallace to third
|
|
Batting: RHB Masaya Nakamura
|
0-0: Called Strike 0-1: Ball 1-1: Called Strike 1-2: Ball 2-2: Strikes out looking
|
| Top of the 8th over - 0 runs, 1 hit, 0 errors, 2 left on base; Columbia 1 - Reading 0 |
| BOTTOM OF THE 8TH |
|
Reading Fightin Phils batting - Pitching for Columbia Fireflies : RHP Matt Bennett
|
|
Batting: LHB Alex Fernandez
|
0-0: Swinging Strike 0-1: Ball 1-1: Fly out, F8 (Flyball, 89S, EV 95.0 MPH)
|
|
Batting: RHB Jose Corral
|
0-0: Ball 1-0: Foul Ball, location: 2F 1-1: Foul Ball, location: 2F 1-2: Ball 2-2: Ground out 5-3 (Groundball, 5L, EV 103.1 MPH)
|
|
Batting: RHB Pablo Lopez
|
0-0: Ball 1-0: SINGLE (Groundball, 56, EV 104.4 MPH) (infield hit)
|
|
Batting: LHB Doug Frampton
|
0-0: Ball 1-0: Swinging Strike 1-1: Ball 2-1: Fly out, F9 (Flyball, 9, EV 90.6 MPH)
|
| Bottom of the 8th over - 0 runs, 1 hit, 0 errors, 1 left on base; Columbia 1 - Reading 0 |
| TOP OF THE 9TH |
|
Columbia Fireflies batting - Pitching for Reading Fightin Phils : RHP T.J. Gray
|
|
Pitching: LHP Eddie San Miguel
|
|
|
Batting: RHB Jose Lara
|
0-0: Called Strike 0-1: Called Strike 0-2: Ball 1-2: Foul Ball, location: 2F 1-2: Ball 2-2: Strikes out looking
|
|
Batting: RHB Dan Muse
|
0-0: Foul Ball, location: 2F 0-1: Ball 1-1: Ball 2-1: Foul Ball, location: 2F 2-2: Ball 3-2: Base on Balls
|
|
Batting: RHB Fathi Addae
|
0-0: Foul Ball, location: 2F 0-1: Swinging Strike 0-2: Ball 1-2: Foul Ball, location: 2F 1-2: Strikes out swinging Dan Muse is caught stealing 2nd base 2-4 Batter strikes out.
|
| Top of the 9th over - 0 runs, 0 hits, 0 errors, 0 left on base; Columbia 1 - Reading 0 |
| BOTTOM OF THE 9TH |
|
Reading Fightin Phils batting - Pitching for Columbia Fireflies : RHP Matt Bennett
|
|
Pitching: RHP Amare Golden
|
|
|
Now in LF: Elias Urbina
|
|
|
Batting: RHB Tony Perez
|
0-0: Ball 1-0: Ball 2-0: Ball 3-0: Called Strike 3-1: Base on Balls
|
|
Batting: RHB Chris Myers
|
0-0: Sac Bunt to 2L - play at first, batter OUT! 2-3 Tony Perez to second
|
|
Batting: RHB Guan-pei Gao
|
0-0: Called Strike 0-1: Called Strike 0-2: Foul Ball, location: 2F 0-2: Ball Passed Ball! Tony Perez to third 1-2: Ball 2-2: Foul Ball, location: 2F 2-2: Strikes out swinging
|
|
Batting: RHB Alan Weller
|
0-0: Ground out 4-3 (Groundball, 4S, EV 90.0 MPH)
|
| Bottom of the 9th over - 0 runs, 0 hits, 0 errors, 1 left on base; Columbia 1 - Reading 0 |
|